 Dungeon Crawl Stone Soup version 0.22.1-1-ga44c0e5 (webtiles) character file.

387 Jamjie98 the Slasher (level 6, -3/58 HPs)
             Began as a Draconian Chaos Knight on Sept 29, 2018.
             Slain by a wolf (7 damage)
             ... on level 5 of the Dungeon.
             The game lasted 00:41:11 (3576 turns).

Jamjie98 the Slasher (Draconian Chaos Knight)       Turns: 3576, Time: 00:41:12

Health: -3/58      AC:  7    Str: 14 (16) XL:     6   Next: 49%
Magic:  6/6        EV: 12    Int: 12 (13) God:    Xom [.*....]
Gold:   314        SH:  0    Dex:  7 (10) Spells: 5/5 levels left

rFire    . . .     SeeInvis .   a - +0 falchion (chaos)
rCold    . . .     Gourm    .   (no shield)
rNeg     . . .     Faith    .   (armour unavailable)
rPois    .         Spirit   .   (helmet restricted)
rElec    .         Reflect  .   (no cloak)
rCorr    .         Harm     +   (no gloves)
MR       .....                  u - +0 pair of boots
Stlth    +.........             C - amulet of harm
HPRegen  0.19/turn              (no ring)
MPRegen  0.10/turn              (no ring)

@: no status effects
A: unfitting armour, antennae 1, robust 1, cold-blooded, AC +6
a: Renounce Religion


You were on level 5 of the Dungeon.
You worshipped Xom.
You were a plaything of Xom.
You were not hungry.

You visited 1 branch of the dungeon, and saw 5 of its levels.

You collected 314 gold pieces.

Inventory:

Hand Weapons
 a - a +0 falchion of chaos (weapon)
 c - a +0 short sword
 d - a +0 flail
 f - a cursed -3 dagger
 g - a +0 short sword
 i - a +0 hunting sling
 j - a +0 mace
 k - a cursed +0 whip
 l - a +0 trident
 s - a +0 whip
 z - a +0 dagger
 A - a +0 short sword
 G - a +0 dagger
 I - a +0 short sword
 O - a +0 trident
 Q - a +0 short sword
 S - a +0 hunting sling
 U - a +0 mace
 X - a +0 dagger of holy wrath
 Y - a +0 hand axe
Missiles
 e - 147 stones (quivered)
 m - 140 arrows
 o - 30 sling bullets
 r - 6 tomahawks
 T - 16 bolts
Armour
 h - a +0 leather armour
 t - a +0 chain mail
 u - a +0 pair of boots (worn)
 v - a +0 plate armour
 B - a +0 scale mail
 D - a +0 robe
 M - a +0 robe
 P - a +0 chain mail
 V - a +0 chain mail
 Z - a +0 leather armour
Jewellery
 x - an uncursed ring of fire
 C - an amulet of harm (around neck)
Wands
 w - a wand of iceblast (6)
Scrolls
 p - a scroll of magic mapping
Potions
 N - 2 potions of degeneration
Comestibles
 b - 11 rations


   Skills:
 + Level 4.7 Fighting
 + Level 5.4 Long Blades
 + Level 3.5 Dodging
 + Level 1.8 Stealth


You had 5 spell levels left.
You didn't know any spells.
Your spell library was empty.

Dungeon Overview and Level Annotations

Branches:
Dungeon (5/15)
 Temple: D:4-7

Altars:
Ru
Xom

Shops:
D:5 [


Innate Abilities, Weirdness & Mutations

Your plain brown scales are hard. (AC +6)
You cannot fit into any form of body armour.
You are cold-blooded and may be slowed by cold attacks.
You have a pair of small antennae on your head.
You are robust. (+10% HP)


Message History

Your surroundings suddenly seem different.
Found a robe.
Found an escape hatch in the ceiling.
A bullfrog skeleton comes into view.
The bullfrog skeleton moves out of view.
Found a stone staircase leading down.
A wolf is nearby!
The wolf is too close now for your liking.
The wolf bites you but does no damage. The wolf bites you.
* * * LOW HITPOINT WARNING * * *
You slash the wolf!
You catch a glimpse of the back of your own head.
The wolf is severely wounded.
Xom complains about the scenery.
The wolf bites you.
* * * LOW HITPOINT WARNING * * *
You closely miss the wolf.
The wolf is severely wounded.
The wolf barely misses you. The wolf bites you.
You die...

#### ... # #. ._#
#.#. #.# #.#.# #.#
#.... #@# ##....###
#h#
#.......###.######
#..................
#.......#.#####.###
#.....#.#.##
#.#...>#h...#
...........[...#
#.#
#.#.#..........#


You could see a wolf.

Vanquished Creatures
  A phantom (D:4)
  A hound (D:4)
  An iguana (D:4)
  An orc wizard (D:2)
  Terence (D:2)
  A hound skeleton (D:4)
  4 adders
  2 worms (D:3)
  8 dart slugs
  4 leopard geckos
  14 orcs
  14 bats
  4 giant cockroaches
  13 goblins
  6 hobgoblins
  17 jackals
  5 kobolds
  3 quokkas
  3 ball pythons
  4 frilled lizards
  A quokka skeleton (D:2)
  6 rats
114 creatures vanquished.

Notes
Turn   | Place    | Note
-------+----------+-------------------------------------------
     0 | D:1      | Jamjie98 the Draconian Chaos Knight began the quest for the
                  | Orb.
     0 | D:1      | Reached XP level 1. HP: 19/19 MP: 1/1
   184 | D:1      | Reached XP level 2. HP: 26/26 MP: 2/2
   401 | D:1      | XOM: silly message
   489 | D:1      | XOM: mild Summ miscast
   791 | D:1      | Reached XP level 3. HP: 33/33 MP: 3/3
   933 | D:1      | XOM: give mutations
   933 | D:1      | Gained mutation: You have a pair of small antennae on your
                  | head. [Xom's grace]
   933 | D:1      | Gained mutation: You are robust. (+10% HP) [Xom's grace]
   951 | D:1      | You fall through a shaft!
  1103 | D:2      | Noticed Terence
  1115 | D:2      | XOM: divination: detect items
  1117 | D:2      | Killed Terence
  1117 | D:2      | Reached skill level 4 in Long Blades
  1117 | D:2      | Reached XP level 4. HP: 35/44 MP: 4/4
  1191 | D:2      | XOM: harmless Chrm miscast
  1203 | D:2      | XOM: smoke on damage
  1210 | D:2      | XOM: repel stairs
  1261 | D:2      | XOM: god gift: thin pearl amulet {god gift}
  1544 | D:2      | Found a sacrificial altar of Ru.
  1553 | D:2      | Reached XP level 5. HP: 50/50 MP: 5/5
  1600 | D:2      | XOM: divination: detect items
  1888 | D:3      | XOM: enchant monster (good)
  1916 | D:3      | Reached skill level 1 in Stealth
  1979 | D:3      | XOM: scenery: create altars
  2014 | D:3      | XOM: god gift: 45 gold pieces
  2546 | D:4      | XOM: divination: detect creatures
  2549 | D:4      | XOM: mild Fire miscast
  2565 | D:4      | Reached skill level 5 in Long Blades
  2596 | D:4      | Reached XP level 6. HP: 38/58 MP: 6/6
  2960 | D:4      | XOM: enchant monster (bad)
  2966 | D:4      | XOM: harmless Erth miscast
  3019 | D:4      | XOM: god gift: ration
  3460 | D:5      | Entered Level 5 of the Dungeon
  3467 | D:5      | Found Ypie's Antique Armour Shoppe.
  3476 | D:5      | XOM: smoke on damage
  3491 | D:5      | HP: 1/58 [something (7)]
  3564 | D:5      | XOM: 1-stop teleportation journey
  3575 | D:5      | XOM: scenery: create altars
  3576 | D:5      | Slain by a wolf

Skill      XL: |  1  2  3  4  5 |
---------------+----------------+-----
Fighting       | 4 |  4.7
Long Blades    | 4 5 |  5.4
Dodging        | 3 |  3.5
Stealth        | 1 |  1.8

Action                   |  1- 3 |  4- 6 || total
-------------------------+-------+-------++-------
Melee: Falchion          |    92 |   189 ||   281
       Tailslap          |    11 |    32 ||    43
  Use: Potion            |     1 |     7 ||     8
       Scroll            |     5 |     8 ||    13
 Stab: Confused          |     1 |       ||     1
       Paralysed         |       |     4 ||     4
       Sleeping          |       |     3 ||     3
       Petrifying        |       |     1 ||     1
       Distracted        |       |     1 ||     1
  Eat: Chunk             |     1 |     6 ||     7
       Ration            |       |     1 ||     1
Armor: Skin              |    31 |    63 ||    94
Dodge: Dodged            |    61 |   166 ||   227
       Rpst.: Falchion   |    17 |    49 ||    66
